 Dungeon Crawl Stone Soup version 0.25-a0-577-ga4619f409e (webtiles) character file.

Game seed: 10900499960964962655, levelgen mode: deterministic

364 Flugslaktarn the Chopper (level 6, 0/56 HPs)
             Began as a Minotaur Fighter on Mar 2, 2020.
             Slain by a bullfrog (3 damage)
             ... on level 6 of the Dungeon.
             The game lasted 00:00:37 (886 turns).

Flugslaktarn the Chopper (Minotaur Fighter)          Turns: 886, Time: 00:00:37

Health: 0/56       AC: 12    Str: 23    XL:     6   Next: 39%
Magic:  0/5        EV:  4    Int:  5    God:
Gold:   37         SH: 10    Dex:  9    Spells: 5/5 levels left

rFire    . . .     SeeInvis .   a - +0 war axe
rCold    . . .     Gourm    .   c - +0 kite shield
rNeg     . . .     Faith    .   j - +0 plate armour (curse)
rPois    .         Spirit   +   (helmet restricted)
rElec    .         Reflect  .   (no cloak)
rCorr    .         Harm     .   (no gloves)
MR       .....                  (no boots)
Stlth    ..........             g - amulet of guardian spirit
HPRegen  0.18/turn              (no ring)
MPRegen  0.09/turn              (no ring)

@: no status effects
A: retaliatory headbutt, horns 2
a: no special abilities


You were on level 6 of the Dungeon.
You were not hungry.

You visited 1 branch of the dungeon, and saw 5 of its levels.

You collected 37 gold pieces.

Inventory:

Hand Weapons
 a - a +0 war axe (weapon)
Armour
 b - a +0 scale mail
 c - a +0 kite shield (worn)
 j - a cursed +0 plate armour (worn)
   (You found it on level 4 of the Dungeon)
Jewellery
 g - an amulet of guardian spirit (around neck)
   (You found it on level 1 of the Dungeon)
Wands
 v - a wand of digging (1)
   (You took it off Ijyb on level 4 of the Dungeon)
Scrolls
 f - a scroll of enchant armour {unknown}
 i - a scroll of identify {unknown}
 l - a scroll of teleportation {unknown}
Potions
 d - a potion of might
 h - a potion of invisibility {unknown}
Comestibles
 e - 3 rations
 k - 2 chunks of flesh


   Skills:
 + Level 5.0 Fighting
 * Level 5.5 Axes
 + Level 5.0 Armour
 + Level 5.0 Shields


You had 5 spell levels left.
You didn't know any spells.
Your spell library was empty.

Dungeon Overview and Level Annotations

Branches:
Dungeon (6/15)
 Temple: D:4-7

Altars:

Annotations:
D:6 1 transporter


Innate Abilities, Weirdness & Mutations

You reflexively headbutt those who attack you in melee.
You have a pair of horns on your head.


Message History

You hit the scorpion. You slash the orc!
You kill the orc!
You closely miss the bullfrog. The bullfrog hits you.
* * * LOW HITPOINT WARNING * * *
You block the scorpion's attack.
The orc warrior hits you with a +0 mace.
* * * LOW HITPOINT WARNING * * *
You block the bullfrog's attack. You block the scorpion's attack.
You barely miss the orc warrior.
The orc warrior is heavily wounded.
You closely miss the bullfrog. You slash the scorpion!
You block the bullfrog's attack. You block the orc warrior's attack.
You block the bullfrog's attack.
The scorpion stings you but does no damage.
Unknown command.
You block the orc warrior's attack.
The bullfrog hits you but does no damage.
The ice beast hits you but does no damage.
The bullfrog hits you.
You die... #..####.#####.# #.......# ##.###### #.# #.# #.# ○$ #.# °(©$

#.#######
########.oF@...+
#.©..$...sY#####
#.....))...#
##.#....)..#
#.........#
###.......#
#..?(....
#.........
#..........


You could see an orc warrior, an ice beast, a bullfrog and a scorpion.

Vanquished Creatures
  An ogre (D:4)
  A centaur (D:2)
  A hound (D:4)
  An orc priest (D:6)
  Ijyb (D:4)
  A worker ant (D:6)
  A gnoll (D:1)
  3 adders
  A shadow imp (D:6)
  2 oozes
  An adder skeleton (D:6)
  An adder zombie (D:6)
  A worm (D:4)
  2 orcs (D:6)
  A giant cockroach (D:6)
  4 goblins
  4 hobgoblins
  2 kobolds (D:1)
  A quokka (D:3)
  A ball python skeleton (D:4)
  A bat (D:1)
  A quokka skeleton (D:4)
  2 rats (D:1)
35 creatures vanquished.

Notes
Turn   | Place    | Note
-------+----------+-------------------------------------------
     0 | D:1      | Flugslaktarn the Minotaur Fighter began the quest for the
                  | Orb.
     0 | D:1      | Reached XP level 1. HP: 19/19 MP: 0/0
    25 | D:1      | Reached XP level 2. HP: 27/27 MP: 1/1
   264 | D:2      | Reached XP level 3. HP: 13/33 MP: 0/2
   454 | D:2      | Noticed a centaur
   463 | D:2      | Killed a centaur
   463 | D:2      | Reached XP level 4. HP: 37/41 MP: 1/3
   616 | D:4      | Noticed Ijyb
   624 | D:4      | Killed Ijyb
   624 | D:4      | Reached XP level 5. HP: 47/47 MP: 4/4
   681 | D:4      | Noticed an ogre
   687 | D:4      | Killed an ogre
   687 | D:4      | Reached skill level 5 in Axes
   690 | D:4      | Reached XP level 6. HP: 37/55 MP: 3/5
   812 | D:4      | You fall into a shaft and drop 2 floors!
   830 | D:6      | Reached skill level 5 in Fighting
   830 | D:6      | Reached skill level 5 in Shields
   863 | D:6      | Found a transporter.
   869 | D:6      | Noticed an orc warrior
   878 | D:6      | Reached skill level 5 in Armour
   879 | D:6      | Noticed an ice beast
   882 | D:6      | HP: 2/56 [orc warrior/+0 mace (4)]
   886 | D:6      | Slain by a bullfrog

Levels and vault maps discovered:
D:1:      minmay_arrival_shattered_statue, layout_basic
D:2:      layout_basic, chequers_ecumenical_altar_grove
D:3:      layout_basic
D:4:      layout_basic, uniq_pikel, uniq_edmund, uniq_ijyb, uniq_robin
D:6:      gammafunk_cloud_chamber, layout_basic, elyvilon_altar_5, serial_shops,
          nicolae_shop_stone, makhleb_altar_promises_db

Skill      XL: |  1  2  3  4  5  6 |
---------------+-------------------+-----
Axes           | 3 4 5 |  5.5
Armour         | 4 5 |  5.0
Shields        | 4 5 |  5.0
Fighting       | 4 5 |  5.0

Action                   |  1- 3 |  4- 6 || total
-------------------------+-------+-------++-------
Melee: War axe           |    31 |    47 ||    78
       Headbutt          |     6 |    12 ||    18
Armor: Scale mail        |    17 |     1 ||    18
       Plate armour      |       |    22 ||    22
Dodge: Dodged            |    19 |    13 ||    32
Block: Kite shield       |    24 |    37 ||    61

Table legend:
 A = Non-vault XP
 B = Vault XP
 C = Vault XP percentage of total XP
 D = Non-vault monster count
 E = Vault monster count
 F = Vault count percentage of total count
                 A         B        C        D         E       F
            +---------+---------+-------+---------+---------+-------
      Total |     483 |      38 |   7.3 |      34 |       1 |   2.9
            +---------+---------+-------+---------+---------+-------
        D:1 |      35 |       0 |   0.0 |      11 |       0 |   0.0
        D:2 |     139 |       0 |   0.0 |       6 |       0 |   0.0
        D:3 |       9 |       0 |   0.0 |       2 |       0 |   0.0
        D:4 |     184 |      38 |  17.1 |       6 |       1 |  14.3
        D:6 |     116 |       0 |   0.0 |       9 |       0 |   0.0
            +---------+---------+-------+---------+---------+-------
